AoeStats
← evrenos

Hill Fort

504320339Analyzed
2v2 RM · 27d ago on Sep 4, 2026· 46m 1s· 4 players
Game mode
Random Map
Map size
Medium (4 player)
Population
200
Speed
Normal
Resources
Standard
Victory
Conquest
Starting age
Dark Age
Ending age
Imperial Age
RankedLock teamsTeams togetherTeam positionsShared explorationLock speedFull tech treeHidden civsTurbo modeCheats
Victory
Defeat
🇦🇷 Huns · Argentina
1136
+13
🇦🇷 Franks · Argentina
1101
+15
🇹🇷 Lithuanians · Türkiye
1098
-15
🇹🇷 Turks · Türkiye
1051
-13
evrenos
7:51 Loom
9:57 Feudal Age
15:52 Castle Age
30:28 Murder Holes
31:44 Scale Barding Armor
31:50 Forging
31:54 Bloodlines
31:45 Husbandry
32:18 Ballistics
35:50 Iron Casting
42:05 Imperial Age
41:12 Town Watch
42:42 Chain Barding Armor
45:19 Fletching
braveheart
10:58 Feudal Age
19:14 Castle Age
17:38 Double-Bit Axe
17:35 Horse Collar
23:25 Bow Saw
25:00 Loom
31:00 Imperial Age
28:31 Fletching
29:53 Bow Saw
31:33 Heavy Plow
45:20 Bodkin Arrow
45:26 Padded Archer Armor
45:36 Forging
Chechomont
6:50 Loom
11:57 Feudal Age
17:21 Castle Age
15:27 Double-Bit Axe
16:01 Scale Mail Armor
17:36 Scale Barding Armor
19:01 Husbandry
19:04 Light Cavalry
20:38 Town Watch
23:28 Forging
23:27 Arson
26:39 Chain Barding Armor
26:34 Chain Mail Armor
26:54 Iron Casting
26:34 Chain Mail Armor
26:39 Chain Barding Armor
26:54 Iron Casting
26:39 Chain Barding Armor
26:34 Chain Mail Armor
27:17 Iron Casting
26:57 Chain Mail Armor
27:17 Iron Casting
26:58 Chain Mail Armor
27:11 Gold Mining
29:00 Bow Saw
29:13 Squires
30:20 Wheelbarrow
30:51 Stone Mining
33:09 Pikeman
38:13 Imperial Age
36:45 Hand Cart
43:51 Gold Shaft Mining
45:12 Cavalier
Zielort
2:19 Loom
9:22 Loom
11:10 Feudal Age
16:27 Castle Age
17:09 Double-Bit Axe
17:26 Horse Collar
22:58 Bow Saw
25:05 Fletching
25:08 Gold Mining
27:35 Wheelbarrow
27:38 Heavy Plow
27:47 Bodkin Arrow
32:49 Imperial Age
30:40 Hand Cart
33:15 Ballistics
33:50 Bracer
34:53 Chemistry
34:23 Parthian Tactics
34:09 Heavy Cavalry Archer
35:45 Gold Shaft Mining
35:01 Stone Mining
35:16 Husbandry
35:27 Bloodlines
34:39 Light Cavalry
39:47 Hussar
40:35 Scale Barding Armor
41:56 Chain Barding Armor
42:33 Forging
Connection lost

Rejoining the realm…

Still unreachable

The connection could not be restored.

Session expired

The server has moved on; the page needs a fresh start.